 Dungeon Crawl Stone Soup version 0.29.1-12-g30fa7ad0bf (webtiles) character file.

Game seed: 7789623852903171679

147 hawla the Firebug (level 5, -2/39 HPs)
             Began as a Meteoran Fire Elementalist on Dec 25, 2022.
             Slain by Sigmund
             ... wielding a +0 scythe
              (4 damage)
             ... on level 4 of the Dungeon.
             The game lasted 00:02:23 (227 turns).

hawla the Firebug (Meteoran Fire Elementalist)       Turns: 227, Time: 00:02:24

Health: -2/39      AC:  2    Str: 10    XL:     5   Next: 86%
Magic:  8/12       EV: 13    Int: 18    God:
Gold:   22         SH:  0    Dex: 14    Spells: 5/12 levels left

rFire   . . .      SeeInvis .   (no weapon)
rCold   . . .      Faith    .   (no shield)
rNeg    . . .      Spirit   .   a - +0 robe
rPois   .          Reflect  .   (no helmet)
rElec   .          Harm     .   (no cloak)
rCorr   .          Rampage  .   (no gloves)
Will    +....                   (no boots)
Stlth   +.........              (no amulet)
HPRegen 0.13/turn               (no ring)
MPRegen 0.13/turn               (no ring)

@: glowing
A: sense surroundings 1, otherworldly, glowing, explore regen, strong-willed 1,
subdued magic 1
a: no special abilities


You were on level 4 of the Dungeon.
You visited 1 branch of the dungeon, and saw 4 of its levels.

You collected 22 gold pieces.

Inventory:

Armour
 a - a +0 robe (worn)
Scrolls
 d - a scroll of teleportation {unknown}
 e - a scroll of noise {unknown}
 f - a scroll of magic mapping {unknown}
Potions
 b - a potion of magic


   Skills:
 - Level 0.6 Fighting
 - Level 3.0 Dodging
 - Level 1.4 Stealth
 - Level 4.0 Spellcasting
 + Level 2.8 Conjurations
 - Level 5.2 Fire Magic


You had 5 spell levels left.
You knew the following spells:

 Your Spells              Type           Power      Damage    Failure   Level
a - Foxfire               Conj/Fire      56%        2x1d6     1%          1
b - Scorch                Fire           34%        2d7       1%          2
c - Flame Wave            Conj/Fire      14%        2d6       24%         4

Your spell library contained the following spells:

 Spells                   Type           Power      Damage    Failure   Level
 Conjure Flame            Conj/Fire      14%        6-21      7%          3
 Inner Flame              Hex/Fire       10%        N/A       13%         3


Dungeon Overview and Level Annotations

Branches:
Dungeon (4/15) Zot: 2172
 Temple: D:4-7

Altars:
Ashenzari

Annotations:
D:4 Sigmund


Innate Abilities, Weirdness & Mutations

You passively map a small area around you.
You are easily found by Zot.
You glow in the dark.
You regain HP and MP as you explore.
You are strong-willed. (Will+)
Your spells are a little easier to cast, but a little less powerful.


Message History

Sigmund casts a spell.
Sigmund flickers and vanishes!
Deactivating autopickup; reactivate with Ctrl-A.
The jackal bites you.
You hear some strange, mumbled words.
Something tries to affect you, but you resist.
The jackal barely misses you. The jackal misses you.
You barely miss the jackal.
A magic dart appears from out of thin air!
The magic dart hits you.
* * * LOW HITPOINT WARNING * * *
The jackal bites you but does no damage. x2
The jackal bites you.
* * * LOW HITPOINT WARNING * * *
Okay, then.
Really quaff the potion of mutation?
You feel extremely strange.
You feel genetically unstable.
Your connection to magic feels subdued.
You feel strong-willed.
You feel less confused. The jackal barely misses you. The jackal bites you.
* * * LOW HITPOINT WARNING * * *
The jackal bites you.
* * * LOW HITPOINT WARNING * * *
Something hits you.
* * * LOW HITPOINT WARNING * * *
Casting: Scorch (safe; 1% risk of failure)
Confirm with . or Enter, or press ? or * to list all spells.
The spell is quite dangerous to miscast (24% risk of failure)!
Continue anyway?
Casting: Flame Wave (quite dangerous; 24% risk of failure)
Press: ? - help, Dir - look around, f - activate A wave of flame ripples out!
The flame wave engulfs the jackal!
You kill the jackal!
The flame wave engulfs the jackal!
You kill the jackal!
The flame wave engulfs the jackal!
You kill the jackal! (Press . to intensify the flame waves.)
Something hits you.
You die...

, #####.<...# ** , *
,#.........#.....#
#.........#.....# ,
,#.........+.....# #.
+.........#.....#...
, ,
#......##.#.....#.##
,#.....##..#.........
, ,
#....##...#.........
,#...##....#.@.......
#..##...(.#†o.{.....
#.##......##....###.
,
###......###....###.
,
..#.......#†........
_.#######.#.........
,
..#.......'.........
, ###......#..†......
*,,##.....#.........


You could see an orc.

Vanquished Creatures
  A sky beast (D:4)
  An iguana (D:4)
  An adder (D:2)
  2 ball pythons
  A bat (D:3)
  An endoplasm (D:3)
  A goblin (D:1)
  3 hobgoblins
  4 jackals (D:4)
  2 quokkas (D:3)
  2 frilled lizards
  3 kobolds
  2 rats (D:1)
24 creatures vanquished.

Vanquished Creatures (others)
  41 foxfires
41 creatures vanquished.

Grand Total: 65 creatures vanquished

Notes
Turn   | Place    | Note
-------+----------+-------------------------------------------
     0 | D:1      | hawla the Meteoran Fire Elementalist began the quest for
                  | the Orb.
     0 | D:1      | Reached XP level 1. HP: 14/14 MP: 5/5
    46 | D:1      | Reached XP level 2. HP: 20/22 MP: 2/6
    70 | D:2      | Reached skill level 4 in Fire Magic
    70 | D:2      | Reached XP level 3. HP: 16/27 MP: 4/8
    74 | D:2      | Learned a level 2 spell: Scorch
   151 | D:4      | Noticed a sky beast
   157 | D:4      | Killed a sky beast
   158 | D:4      | Reached skill level 5 in Fire Magic
   158 | D:4      | Reached XP level 4. HP: 34/34 MP: 1/11
   158 | D:4      | Reached XP level 5. HP: 39/39 MP: 1/12
   163 | D:4      | Learned a level 4 spell: Flame Wave
   199 | D:4      | Found a broken altar of Ashenzari.
   215 | D:4      | Noticed Sigmund
   221 | D:4      | Gained mutation: You are somewhat resistant to further
                  | mutation. [potion of mutation]
   226 | D:4      | Lost mutation: You are somewhat resistant to further
                  | mutation. [potion of mutation]
   226 | D:4      | Gained mutation: Your spells are a little easier to cast,
                  | but a little less powerful. [potion of mutation]
   226 | D:4      | Gained mutation: You are strong-willed. (Will+) [potion of
                  | mutation]
   227 | D:4      | Slain by Sigmund

Illustrated notes

Levels and vault maps discovered:
D:1:      dpeg_arrival_pond, layout_rooms, minivault_24
D:2:      minmay_chambers_of_ones, layout_basic, basic_altar,
          amcnicky_mini_corridor_feature
D:3:      layout_basic, st_stairs_1, uniq_robin
D:4:      layout_gridville, mainiacjoe_overflow_cross_hatched,
          nicolae_ashenzari_panopticon, uniq_sigmund

Skill      XL: |  1  2  3 |
---------------+----------+-----
Spellcasting   | 3 4 |  4.0
Fire Magic     | 4 5 |  5.2
Dodging        | 3 |  3.0
Conjurations   | 2 |  2.8
Fighting       | |  0.6
Stealth        | |  1.4

Action                   |  1- 3 |  4- 6 || total
-------------------------+-------+-------++-------
Melee: Unarmed           |     3 |     1 ||     4
 Cast: Foxfire           |    21 |     2 ||    23
       Scorch            |     5 |     2 ||     7
       Flame Wave        |       |     1 ||     1
  Use: Potion            |       |     2 ||     2
Armor: Robe              |     1 |     3 ||     4
Dodge: Dodged            |     4 |     9 ||    13
